 Dungeon Crawl Stone Soup version 0.23-a0-644-gb60d84b (webtiles) character file.

20021 zishaf the Spear-Bearer (level 12, -2/89 HPs)
             Began as a Merfolk Gladiator on Jan 1, 2019.
             Was an Elder of Hepliaklqana.
             Killed from afar by a frost giant (61 damage)
             ... with a bolt of cold
             ... on level 11 of the Dungeon.
             The game lasted 00:27:54 (14456 turns).

zishaf the Spear-Bearer (Merfolk Gladiator)        Turns: 14456, Time: 00:27:54

Health: -2/89      AC:  9    Str: 19    XL:     12   Next: 75%
Magic:  15/15      EV: 13    Int:  8    God:    Hepliaklqana [****..]
Gold:   641        SH: 20    Dex: 15    Spells: 11/11 levels left

rFire    . . .     SeeInvis .   a - +0 trident
rCold    . . .     Gourm    +   n - +2 large shield
rNeg     . . .     Faith    .   P - +3 leather armour
rPois    .         Spirit   .   W - +2 hat
rElec    .         Reflect  .   (no cloak)
rCorr    .         Harm     .   (no gloves)
MR       +....                  I - +0 pair of boots
Stlth    +.........             x - amulet of the gourmand
HPRegen  0.24/turn              N - +3 ring of slaying
MPRegen  0.14/turn              O - ring of protection from magic

@: no status effects
A: change form in water, swift swim, stealthy swim, reduced essence
a: Recall Ancestor, Ancestor Identity, Transference, Idealise, Renounce Religion


You were on level 11 of the Dungeon.
You worshipped Hepliaklqana.
Hepliaklqana was greatly pleased with you.
You were very full.

You visited 2 branches of the dungeon, and saw 12 of its levels.

You collected 641 gold pieces.

Inventory:

Hand Weapons
 a - a +0 trident (weapon)
 b - a +0 hunting sling
 w - a +0 blowgun
Missiles
 d - 3 throwing nets
 j - 8 javelins
 m - 391 stones
 o - 8 tomahawks (quivered)
 q - 53 poisoned needles
 v - 124 sling bullets
 B - 2 curare-tipped needles
 D - 6 needles of sleeping
Armour
 n - a +2 large shield (worn)
 I - a +0 pair of boots (worn)
 P - a +3 leather armour (worn)
 W - a +2 hat (worn)
Jewellery
 x - an amulet of the gourmand (around neck)
 C - an uncursed ring of flight
 M - an uncursed ring of see invisible
 N - a +3 ring of slaying (left hand)
 O - a ring of protection from magic (right hand)
Wands
 E - a wand of scattershot (1)
 S - a wand of flame (18)
 T - a wand of polymorph (6)
Scrolls
 h - a scroll of amnesia {unknown}
 i - 3 scrolls of random uselessness {unknown}
 l - 8 scrolls of teleportation
 p - 2 scrolls of blinking {unknown}
 r - a scroll of immolation {unknown}
 t - 6 scrolls of remove curse
 y - a scroll of enchant armour {unknown}
 F - a scroll of summoning {unknown}
 G - a scroll of noise {unknown}
 Q - 2 scrolls of enchant weapon {unknown}
 U - 2 scrolls of magic mapping {unknown}
 V - a scroll of fog {unknown}
Potions
 e - 5 potions of haste
 g - 7 potions of ambrosia
 k - a potion of lignification
 u - 4 potions of curing
 z - a potion of magic
 A - 2 potions of brilliance {unknown}
 H - a potion of agility {unknown}
 J - 2 potions of mutation {unknown}
 K - a potion of cancellation {unknown}
 L - 2 potions of might
 R - a potion of heal wounds
Comestibles
 f - 30 rations


   Skills:
 + Level 10.9 Fighting
 - Level 14.0 Polearms
 - Level 2.0 Throwing
 - Level 4.0 Armour
 - Level 6.0 Dodging
 * Level 12.8 Shields
 + Level 5.3 Invocations


You had 11 spell levels left.
You didn't know any spells.
Your spell library contained the following spells:

 Spells                   Type           Power        Failure   Level  Hunger
 Animate Skeleton         Necr           N/A          94%         1    ##.....
 Apportation              Tloc           #.....       94%         1    ##.....
 Confusing Touch          Hex            #.....       94%         1    ##.....
 Freeze                   Ice            #...         94%         1    ##.....
 Summon Small Mammal      Summ           #...         94%         1    ##.....
 Throw Frost              Conj/Ice       #.....       98%         2    ###....
 Ozocubu's Armour         Chrm/Ice       #.......     100%        3    ####...
 Summon Ice Beast         Ice/Summ       #.......     100%        4    #####..
 Throw Icicle             Conj/Ice       #.......     100%        4    #####..


Dungeon Overview and Level Annotations

Branches:
Dungeon (11/15)            Temple (1/1) D:4            Lair (0/6) D:9
    Orc (0/2) D:10

Altars:
Ashenzari
Cheibriados
Dithmenos
Elyvilon
Fedhas
Gozag
Hepliaklqana
Kikubaaqudgha
Makhleb
Nemelex Xobeh
Okawaru
Qazlal
Ru
Sif Muna
Trog
Uskayaw
Vehumet
Wu Jian
Xom
Yredelemnul
Zin
The Shining One

Shops:
D:7 ?


Message History

Press: ? - help, Shift-Dir - straight line, f/p - frost giant
Aim: a frost giant, wielding a +0 battleaxe of freezing (lightly wounded) Evoke which item? (* to show all) (? for menu, Esc to quit)
Aiming: Scattershot
Press: ? - help, Shift-Dir - straight line, f/p - frost giant
Aim: a frost giant, wielding a +0 battleaxe of freezing (lightly wounded)
The burst of metal fragments hits the frost giant. x3
The frost giant is lightly wounded.
The frost giant casts a spell at you. The bolt of cold hits you!
Evoke which item? (* to show all) (? for menu, Esc to quit)
Aiming: Scattershot
Press: ? - help, Shift-Dir - straight line, f/p - frost giant
Aim: a frost giant, wielding a +0 battleaxe of freezing (lightly wounded)
The burst of metal fragments hits the frost giant. x4
The frost giant is lightly wounded.
The frost giant casts a spell at you. The bolt of cold hits you!
Ouch! That really hurt!
You die...

##.......### ##.........####
...........# #.............##
...........# #..............# #
...........####.............# ##
............# #.............# #.
............# #......)..(...# ##.
.........)..####...(.)(.....###..
.............##........(....##...
#............#..@#......(..##..##
............#C.######.....##..###
##........##C.#### ####.....##
#.......#...###.### ####.#####
##.####.#..####....### #.##..#
....C.....###........# #......
.######..###.........## ##......
.#⌠...##.#............####.......
8#.C_..#.#............##...#.....


You could see a frost giant and an ettin.

Vanquished Creatures
  A two-headed ogre (D:11)
  Erica (D:8)
  An unseen horror (D:11)
  A deep elf mage (D:11)
  A manticore (D:11)
  2 rust devils (D:6)
  A hellwing (D:9)
  A queen bee (D:10)
  A troll (D:11)
  2 hippogriffs
  Sigmund (D:5)
  2 yaks (D:10)
  A wyvern (D:8)
  3 hungry ghosts (D:10)
  A steam dragon (D:7)
  A water moccasin (D:10)
  An acid dragon (D:11)
  6 orc warriors
  2 ice beasts
  A sky beast (D:7)
  7 ogres
  2 centaurs
  A crocodile (D:9)
  4 bullfrogs
  2 wyvern zombies
  A scorpion (D:11)
  A troll zombie (D:10)
  22 killer bees
  3 wights (D:10)
  4 howler monkeys
  A bullfrog zombie (D:7)
  A crimson imp (D:5)
  2 centaur zombies
  3 jellies
  3 hounds
  2 orc priests
  10 orc wizards
  2 bullfrog skeletons
  A gnoll shaman (D:5)
  4 centaur skeletons
  3 iguanas
  6 worker ants
  A killer bee zombie (D:5)
  2 ogre zombies (D:10)
  2 hound zombies
  A worker ant zombie (D:11)
  9 adders
  6 gnolls
  3 shadow imps (D:9)
  4 oozes
  An adder skeleton (D:5)
  A dart slug (D:3)
  7 leopard geckos
  25 orcs
  8 bats
  5 giant cockroaches
  7 hobgoblins
  13 jackals
  7 quokkas
  A ball python (D:1)
  6 frilled lizards
  7 goblins
  A goblin skeleton (D:10)
  3 goblin zombies (D:10)
  A hobgoblin skeleton (D:10)
  A hobgoblin zombie (D:10)
  13 kobolds
  2 leopard gecko skeletons
  3 orc skeletons (D:10)
  7 orc zombies (D:10)
  12 rats
275 creatures vanquished.

Vanquished Creatures (collateral kills)
  Gastronok (D:10)
  The ghost of tarabluh the Summoner, a novice OgSu of Sif Muna (D:11)
  A wolf spider zombie (D:9)
  A manticore (D:11)
  2 cyclopes (D:11)
  3 centaur skeletons (D:9)
  Psyche (D:8)
  A hellwing (D:9)
  A troll (D:11)
  A hornet (D:8)
  A spriggan (D:8)
  10 yaks
  2 ice beasts
  A phantom (D:7)
  3 centaurs
  A bullfrog (D:6)
  13 killer bees
  2 wights (D:10)
  3 crimson imps
  An orc priest (D:7)
  A jelly (D:6)
  2 hounds
  A bullfrog skeleton (D:7)
  2 worker ants
  2 orc wizards
  5 ogre zombies (D:10)
  3 hound skeletons
  A howler monkey zombie (D:6)
  A worker ant zombie (D:9)
  3 gnolls (D:10)
  An adder (D:9)
  A shadow imp (D:8)
  An adder skeleton (D:7)
  2 leopard geckos
  9 orcs
  2 jackals
  A goblin skeleton (D:10)
  2 goblin zombies (D:10)
  A leopard gecko skeleton (D:5)
  An orc skeleton (D:10)
  5 orc zombies (D:10)
97 creatures vanquished.

Vanquished Creatures (others)
  7 knights
  2 ancestors (D:5)
9 creatures vanquished.

Grand Total: 381 creatures vanquished

Notes
Turn   | Place    | Note
-------+----------+-------------------------------------------
     0 | D:1      | zishaf the Merfolk Gladiator began the quest for the Orb.
     0 | D:1      | Reached XP level 1. HP: 16/16 MP: 1/1
   198 | D:1      | Reached XP level 2. HP: 23/23 MP: 2/2
   274 | D:1      | Reached skill level 5 in Polearms
   650 | D:1      | Reached XP level 3. HP: 22/28 MP: 3/3
  2122 | D:2      | Found a burning altar of Makhleb.
  2133 | D:2      | Reached XP level 4. HP: 28/35 MP: 4/4
  2163 | D:2      | Reached skill level 6 in Polearms
  2317 | D:2      | Reached skill level 1 in Armour
  2555 | D:3      | Reached XP level 5. HP: 40/41 MP: 5/5
  2756 | D:3      | Reached skill level 5 in Dodging
  3192 | D:3      | Reached skill level 7 in Polearms
  3192 | D:3      | Reached XP level 6. HP: 22/47 MP: 6/6
  3796 | D:4      | Reached skill level 8 in Polearms
  3796 | D:4      | Reached XP level 7. HP: 36/54 MP: 7/7
  4231 | D:4      | Found a staircase to the Ecumenical Temple.
  4241 | Temple   | Entered the Ecumenical Temple
  4342 | Temple   | Became a worshipper of Hepliaklqana the Forgotten
  4650 | D:5      | Entered Level 5 of the Dungeon
  4660 | D:5      | Noticed Sigmund
  4903 | D:5      | Killed Sigmund
  4903 | D:5      | Reached skill level 1 in Shields
  5019 | D:5      | Reached XP level 8. HP: 54/54 MP: 8/8
  5054 | D:5      | Reached skill level 9 in Polearms
  5191 | D:5      | Reached * piety under Hepliaklqana
  5519 | D:6      | Reached skill level 5 in Fighting
  5621 | D:6      | Found a white marble altar of Elyvilon.
  6169 | D:7      | Reached skill level 10 in Polearms
  6359 | D:6      | Noticed a rust devil
  6359 | D:6      | Noticed a rust devil
  6376 | D:7      | Reached XP level 9. HP: 34/61 MP: 9/9
  6624 | D:7      | Reached skill level 5 in Shields
  6699 | D:7      | Reached ** piety under Hepliaklqana
  6700 | D:7      | Remembered your ancestor Tiberius as a knight
  6701 | D:7      | Found Qyirizoq's Magic Scroll Shoppe.
  6744 | D:7      | Reached skill level 11 in Polearms
  7265 | D:8      | HP: 3/62 [orc warrior/+0 dire flail (9)]
  7266 | D:8      | HP: 1/62 [wyvern (2)]
  7269 | D:8      | Found a glowing silver altar of Zin.
  7269 | D:8      | Found a sacrificial altar of Ru.
  7496 | D:8      | Found a basalt altar of Yredelemnul.
  7498 | D:8      | Found a shadowy altar of Dithmenos.
  7500 | D:8      | Found a bloodstained altar of Trog.
  7552 | D:8      | Noticed Erica
  7567 | D:8      | Killed Erica
  7567 | D:8      | Reached skill level 12 in Polearms
  7607 | D:8      | Reached XP level 10. HP: 69/69 MP: 10/10
  7689 | D:8      | Noticed Psyche
  7698 | D:8      | Killed Psyche
  8205 | D:8      | Reached skill level 13 in Polearms
  8345 | D:9      | Reached *** piety under Hepliaklqana
  8386 | D:9      | Found a snail-covered altar of Cheibriados.
  8794 | D:9      | Found a staircase to the Lair.
  8868 | D:9      | Found a hide-covered altar of Uskayaw.
  8868 | D:9      | Found a snail-covered altar of Cheibriados.
  8904 | D:9      | Reached skill level 14 in Polearms
  9004 | D:9      | Reached XP level 11. HP: 43/77 MP: 11/11
  9627 | D:6      | Got a translucent morningstar
  9657 | D:6      | Identified the cursed +1 morningstar of Batyulis {pain,
                  | +Blink rElec rC-} (You found it on level 6 of the Dungeon)
  9705 | D:10     | Entered Level 10 of the Dungeon
  9901 | D:10     | Reached skill level 10 in Shields
 11052 | D:10     | Found a staircase to the Orcish Mines.
 11446 | D:10     | Reached skill level 1 in Invocations
 11634 | D:10     | Noticed Gastronok
 11731 | D:10     | Killed Gastronok
 11731 | D:10     | Reached skill level 10 in Fighting
 11731 | D:10     | Reached XP level 12. HP: 76/87 MP: 12/14
 11971 | D:11     | Reached **** piety under Hepliaklqana
 11987 | D:11     | Found a large runed door.
 11987 | D:11     | Found a large runed door.
 11993 | D:11     | Noticed tarabluh's ghost (novice OgSu)
 12427 | D:11     | Found a large runed door.
 12756 | D:11     | Found a large runed door.
 13512 | D:11     | Noticed a two-headed ogre
 13536 | D:11     | Killed a two-headed ogre
 13536 | D:11     | Reached skill level 5 in Invocations
 13949 | D:11     | Found the +10 Black Knight's horse barding {ponderous,
                  | rPois rN+}
 14285 | D:11     | Killed tarabluh's ghost
 14415 | D:11     | Found an ancient bone altar of Kikubaaqudgha.
 14415 | D:11     | Noticed a frost giant
 14425 | D:11     | Noticed an ettin
 14456 | D:11     | Killed from afar by a frost giant

Vault maps used:
D:1:      onia_arrival_larder, minmay_misc_feat_more_columns
D:2:      makhleb_heckhound_becter
D:3:      first_ration, minmay_unequal
D:4:      minmay_temple_entry_waves, due_unseen_surprise
D:5:      uniq_sigmund
D:6:      cheibrodos_iron_armory, lemuel_doored_altar, grunt_decor_arrowhead
D:7:      serial_shops, shop, minivault_22
D:8:      chequers_temple_overflow_minitemple, grunt_pizzeria, uniq_erica,
          uniq_psyche
D:9:      cheibrodos_grave_circle, gammafunk_temple_overflow_wave,
          lair_entry_dummy, basic_altar
D:10:     zombieorc2_lemuel, special_room, uniq_gastronok
D:11:     ebering_ghost_disaster_area, jmf_multi_god_temple2
Temple:   eino_temple_water

Skill      XL: |  1  2  3  4  5  6  7  8  9 10 11 12 |
---------------+-------------------------------------+-----
Polearms       | 5 6 7 8 10 12 14 | 14.0
Fighting       | 3 4 5 6 8 10 | 10.9
Armour         | 1 2 3 4 |  4.0
Dodging        | 5 6 |  6.0
Shields        | 2 4 6 9 11 12 | 12.8
Invocations    | 2 5 |  5.3
Throwing       | |  2.0

Action                   |  1- 3 |  4- 6 |  7- 9 | 10-12 || total
-------------------------+-------+-------+-------+-------++-------
Melee: Trident           |   135 |   200 |   380 |   806 ||  1521
 Fire: Hunting sling     |     5 |       |    26 |     3 ||    34
Throw: Tomahawk          |     2 |       |       |     3 ||     5
Invok: Recall Ancestor   |       |       |     4 |     2 ||     6
       Ancestor Life: Kn |       |       |     1 |       ||     1
Evoke: Wand              |       |       |     1 |     3 ||     4
  Use: Scroll            |       |     7 |     4 |     3 ||    14
       Potion            |       |     1 |     1 |     1 ||     3
 Stab: Sleeping          |     2 |       |       |     2 ||     4
       Distracted        |       |       |       |     9 ||     9
  Eat: Chunk             |     3 |    22 |    12 |    26 ||    63
Armor: Leather armour    |    13 |       |    10 |    82 ||   105
       Scale mail        |    30 |    84 |     4 |       ||   118
       Plate armour      |       |       |    69 |       ||    69
Dodge: Dodged            |    81 |   160 |    40 |   135 ||   416
Block: Large shield      |       |       |   190 |   485 ||   675

Table legend:
 A = Non-vault XP
 B = Vault XP
 C = Vault XP percentage of total XP
 D = Non-vault monster count
 E = Vault monster count
 F = Vault count percentage of total count
                 A         B        C        D         E       F
            +---------+---------+-------+---------+---------+-------
      Total |   15076 |   13526 |  47.3 |     271 |     101 |  27.2
            +---------+---------+-------+---------+---------+-------
        D:1 |      34 |      11 |  24.4 |      20 |       8 |  28.6
        D:2 |      31 |      42 |  57.5 |      15 |       1 |   6.2
        D:3 |     305 |       9 |   2.9 |      36 |       5 |  12.2
        D:4 |     317 |       0 |   0.0 |      14 |       0 |   0.0
        D:5 |     628 |     227 |  26.5 |      21 |       1 |   4.5
        D:6 |     343 |     933 |  73.1 |      13 |       2 |  13.3
        D:7 |    1361 |     270 |  16.6 |      36 |       2 |   5.3
        D:8 |    1445 |    1501 |  51.0 |      26 |       3 |  10.3
        D:9 |    1650 |    3996 |  70.8 |      16 |      21 |  56.8
       D:10 |    2256 |    4299 |  65.6 |      42 |      53 |  55.8
       D:11 |    6706 |    2238 |  25.0 |      32 |       5 |  13.5
            +---------+---------+-------+---------+---------+-------
